 Dungeon Crawl Stone Soup version 0.29-a0-284-gf9362112df (webtiles) character file.

Game seed: 4401076618642876126

241 spaghetti the Changer (level 5, 0/41 (43) HPs)
             Began as a Deep Dwarf Transmuter on Mar 23, 2022.
             Slain by a wight
             ... wielding a +5 falchion
              (3 damage)
             ... on level 4 of the Dungeon.
             The game lasted 00:10:08 (3743 turns).

spaghetti the Changer (Deep Dwarf Transmuter)       Turns: 3743, Time: 00:10:08

HP:   0/41 (43)     AC:  4    Str: 16    XL:     5   Next: 80%
MP:   6/6           EV: 12    Int: 13    God:
Gold: 204           SH:  5    Dex: 15    Spells: 4/7 levels left

rFire   . . .      SeeInvis .   c - staff of earth {!astaff}
rCold   . . .      Faith    .   (no shield)
rNeg    . . .      Spirit   .   a - +0 robe
rPois   .          Reflect  +   (no helmet)
rElec   .          Harm     .   d - +0 cloak
rCorr   .          Rampage  .   (no gloves)
Will    .....                   j - +0 pair of boots
Stlth   +.........              l - amulet of reflection
HPRegen 0.00/turn               (no ring)
MPRegen 0.10/turn               (no ring)

@: lightly drained
A: damage resistance, heal wounds, sense surroundings 1, no regeneration, agile
1, wild magic 2
a: Heal Wounds


You were on level 4 of the Dungeon.
You visited 1 branch of the dungeon, and saw 4 of its levels.

You collected 204 gold pieces.


Innate Abilities, Weirdness & Mutations

You are resistant to damage.
You can heal yourself by infusing magical energy.
You passively map a small area around you.
You do not regenerate.
You are agile. (Dex +2)
Your spells are harder to cast, but more powerful.


   Skills:
 - Level 0.8 Fighting
 - Level 2.1 Dodging
 + Level 4.0 Unarmed Combat
 - Level 1.7 Spellcasting
 * Level 4.7 Transmutations


You had 4 spell levels left.
You knew the following spells:

 Your Spells              Type           Power      Damage    Failure   Level
a - Beastly Appendage     Tmut           42%        N/A       10%         1
b - Wereblood             Tmut           21%        N/A       14%         2

Your spell library contained the following spells:

 Spells                   Type           Power      Damage    Failure   Level
 Apportation              Tloc           2%         N/A       43%         1
 Spider Form              Tmut/Pois      11%        N/A       47%         3
 Inner Flame              Hex/Fire       1%         N/A       77%         3
 Portal Projectile        Hex/Tloc       2%         N/A       77%         3
 Ice Form                 Ice/Tmut       11%        N/A       83%         4
 Cause Fear               Hex            0%         N/A       98%         4
 Blade Hands              Tmut           10%        N/A       85%         5
 Alistair's Intoxication  Tmut/Pois      7%         N/A       98%         5
 Excruciating Wounds      Necr           0%         N/A       100%        5
 Discord                  Hex            0%         N/A       100%        8

Inventory:

Hand Weapons
 n - a +2 short sword of chaos {short}
   (You took it off a kobold on level 3 of the Dungeon)
 o - a +1 dagger of chaos {short}
   (You took it off a kobold on level 3 of the Dungeon)
 p - a +1 short sword of chaos {short}
   (You took it off a kobold on level 3 of the Dungeon)
Missiles
 f - 134 stones (quivered) {throwing}
 k - 3 poisoned darts {throwing}
Armour
 a - a +0 robe (worn)
 d - a +0 cloak (worn)
   (You found it on level 1 of the Dungeon)
 j - a +0 pair of boots (worn)
   (You found it on level 3 of the Dungeon)
Magical Staves
 c - a staff of earth (weapon) {!astaff}
   (You found it on level 1 of the Dungeon)
Jewellery
 l - an amulet of reflection (around neck)
   (You found it on level 3 of the Dungeon)
Wands
 b - a wand of flame (5)
   (You took it off Ijyb on level 4 of the Dungeon)
Scrolls
 g - a scroll of magic mapping {!r}
Potions
 i - a potion of flight
 m - a potion of mutation {!q}

Dungeon Overview and Level Annotations

Branches:
Dungeon (4/15)
 Temple: D:4-7

Altars:
Xom

......#....#......#
......#....#......#
, #...>#...... *
*#....# #....# , **
#....# #....#
#....# #..@)#
####z#
#################z#
, *
....o......o.o...z#
*
###################
* * , , * * * ** *
* ,, ,, , ** * *


You could see 3 wights.


Message History

The orc hits you with a +0 mace. 😕 HP[-3]
You take 3 damage, and now have 54/64 hp.
You hit the orc.
The orc wizard hits you but does no damage.
The orc hits you with a +0 mace. 😕 HP[-3]
You take 3 damage, and now have 51/64 hp.
You barely miss the orc. You block the orc wizard's attack.
The orc hits you with a +0 mace.
You hit the orc. You block the orc's attack.
The orc wizard hits you but does no damage.
The orc hits you but does no damage. The orc wizard barely misses you.
You hit the orc.
You feel a bit better.
You kill the orc!
The orc wizard completely misses you. 😕 HP[+3]
You regained 3 hp, and now have 54/64 hp.
You hit the orc. The orc wizard completely misses you.
The orc hits you with a +0 flail.
The wight hits you from afar with a +0 halberd!
You feel drained. 😮 HP[-7]
You now have 63 max hp (-1).
You take 7 damage, and now have 47/63 hp.
You are too injured to fight recklessly!
You are too injured to fight recklessly!
You are too injured to fight recklessly!
You are too injured to fight recklessly!
You are too injured to fight recklessly!
You are too injured to fight recklessly!
You are too injured to fight recklessly!
You are too injured to fight recklessly!
You are too injured to fight recklessly!
You are too injured to fight recklessly!
You are too injured to fight recklessly!
You are too injured to fight recklessly!
You are too injured to fight recklessly!
You hit the orc. You punch the orc.
You feel a bit better.
You kill the orc!
The orc wizard completely misses you. You block the wight's attack. 😕 HP[+1]
You hit the orc wizard. You punch the orc wizard.
The orc wizard hits you but does no damage.
The wight hits you but does no damage.
You hit the orc wizard.
The orc wizard hits you but does no damage.
You block the wight's attack.
The orc wizard points at you and mumbles some strange words.
You easily resist. 😕 MP[+1]
Your mp is fully restored (6).
You barely miss the orc wizard. The orc wizard casts a spell at you.
The puff of flame hits you! 😮 HP[-7]
You take 7 damage, and now have 41/63 hp.
You barely miss the orc wizard.
You creak as the wereblood boils in your veins!
Your transformation is almost over.
You block the orc wizard's attack.
You hit the orc wizard.
You feel a bit better.
You kill the orc wizard!
The wight hits you from afar with a +0 halberd!
The wight hits you with a +5 falchion.
You feel drained.
Your life force feels restored. 😮 HP[-7]
You now have 64 max hp (+1).
You take 7 damage, and now have 34/64 hp.
You hit the wight but do no damage.
Your primal bloodlust is almost over.
The wight hits you from afar with a +0 halberd!
* * * LOW HITPOINT WARNING * * *
The wight hits you but does no damage. 😨 HP[-8]
You take 8 damage, and now have 26/64 hp.
You barely miss the wight.
You creak as the wereblood boils in your veins!
The wight hits you but does no damage. The wight hits you with a +5 falchion.
You block the wight's attack. The wight completely misses you.
You closely miss the wight. You block the wight's attack. x2
You barely miss the wight.
The wight hits you but does no damage. x2
You hit the wight but do no damage. You block the wight's attack.
The wight hits you with a +5 falchion.
* * * LOW HITPOINT WARNING * * *
😨 HP[-3]
You take 3 damage, and now have 23/64 hp.
You closely miss the wight.
Your primal bloodlust has ended.
You block the wight's attack. The wight hits you but does no damage.
You hit the wight but do no damage.
You feel less wooden.
Your +0 cloak unmelds from your body.
Your +0 pair of boots unmelds from your body.
Your +0 robe unmelds from your body.
The wight barely misses you. The wight hits you with a +5 falchion!
* * * LOW HITPOINT WARNING * * *
You feel drained.
You die...

Skill      XL: |  1  2  3  4  5 |
---------------+----------------+-----
Transmutations | 2 3 4 |  4.7
Unarmed Combat | 3 4 |  4.0
Fighting       | |  0.8
Dodging        | |  2.1
Spellcasting   | |  1.7

Action                   |  1- 3 |  4- 6 || total
-------------------------+-------+-------++-------
Melee: Staff             |   192 |   145 ||   337
       Kick              |    10 |    15 ||    25
       Headbutt          |     3 |     5 ||     8
       Punch             |     2 |     5 ||     7
Throw: Stone             |     1 |       ||     1
 Cast: Beastly Appendage |    13 |     6 ||    19
       Wereblood         |    18 |    11 ||    29
 Abil: Heal Wounds       |     1 |     3 ||     4
  Use: Scroll            |     6 |     2 ||     8
       Potion            |     1 |     7 ||     8
Armor: Robe              |    55 |     7 ||    62
       Skin              |       |    58 ||    58
Dodge: Dodged            |   157 |    47 ||   204
Block: Other             |       |    34 ||    34
       Reflection        |       |     2 ||     2

Levels and vault maps discovered:
D:1:      dpeg_arrival_another_circle, layout_loops_ring, minmay_quantized
D:2:      layout_loops_ring
D:3:      due_chaos_kobolds, layout_basic
D:4:      layout_basic, uniq_ijyb, uniq_menkaure, uniq_blork_the_orc

Notes
Turn   | Place    | Note
-------+----------+-------------------------------------------
     0 | D:1      | spaghetti the Deep Dwarf Transmuter began the quest for the
                  | Orb.
     0 | D:1      | Reached XP level 1. HP: 16/16 MP: 3/3
     0 | D:1      | magus.rc [v1.9.6]
    47 | D:1      | You pick up a book of Weapons and begin reading...
    47 | D:1      | You add the spells Portal Projectile, Excruciating Wounds
                  | and Blade Hands to your library.
   119 | D:1      | Reached skill level 2 in Transmutations
   204 | D:1      | Reached XP level 2. HP: 24/24 MP: 2/4
   381 | D:1      | Learned a level 2 spell: Wereblood
   403 | D:1      | Reached skill level 3 in Unarmed Combat
   650 | D:1      | Reached XP level 3. HP: 30/30 MP: 5/5
  1271 | D:2      | Reached skill level 3 in Transmutations
  1324 | D:2      | You pick up a book of Hexes and begin reading...
  1324 | D:2      | You add the spells Inner Flame, Cause Fear and Discord to
                  | your library.
  1620 | D:2      | You pick up a book of Party Tricks and begin reading...
  1620 | D:2      | You add the spells Apportation and Alistair's Intoxication
                  | to your library.
  1773 | D:2      | Gained mutation: You are agile. (Dex +2) [potion of
                  | mutation]
  1773 | D:2      | Gained mutation: Your spells are a little harder to cast,
                  | but a little more powerful. [potion of mutation]
  1773 | D:2      | Gained mutation: Your spells are harder to cast, but more
                  | powerful. [potion of mutation]
  2287 | D:3      | Reached XP level 4. HP: 37/37 MP: 3/6
  2481 | D:3      | Found a large runed translucent door.
  2481 | D:3      | Found a large runed translucent door.
  2483 | D:3      | Found a shimmering altar of Xom.
  3106 | D:4      | Noticed a sky beast
  3119 | D:4      | HP: 9/37 [sky beast (3)]
  3135 | D:4      | HP: 10/55 [something (4)]
  3149 | D:4      | HP: 9/55 [something (1)]
  3167 | D:4      | HP: 2/37 [sky beast (4)]
  3177 | D:4      | Killed a sky beast
  3178 | D:4      | Reached skill level 4 in Transmutations
  3178 | D:4      | Reached XP level 5. HP: 5/43 MP: 7/7
  3540 | D:4      | Noticed Ijyb
  3552 | D:4      | HP: 9/43 [Ijyb/puff of flame (5)]
  3557 | D:4      | Killed Ijyb
  3558 | D:4      | Reached skill level 4 in Unarmed Combat
  3743 | D:4      | HP: 3/43 [wight/+5 falchion (12)]
  3743 | D:4      | Slain by a wight

Vanquished Creatures
  A sky beast (D:4)
  Ijyb (D:4)
  An orc wizard (D:4)
  2 adders
  A worm (D:4)
  A dart slug (D:1)
  6 orcs
  4 ball pythons
  10 endoplasms
  A giant cockroach (D:1)
  2 goblins
  8 hobgoblins
  12 kobolds
  2 quokkas
  6 bats
  3 frilled lizards
  7 rats
68 creatures vanquished.

Table legend:
 A = Non-vault XP
 B = Vault XP
 C = Vault XP percentage of total XP
 D = Non-vault monster count
 E = Vault monster count
 F = Vault count percentage of total count
                 A         B        C        D         E       F
            +---------+---------+-------+---------+---------+-------
      Total |     298 |      47 |  13.6 |      59 |       9 |  13.2
            +---------+---------+-------+---------+---------+-------
        D:1 |      43 |       6 |  12.2 |      25 |       4 |  13.8
        D:2 |      38 |       0 |   0.0 |      14 |       0 |   0.0
        D:3 |      16 |       6 |  27.3 |      11 |       4 |  26.7
        D:4 |     201 |      35 |  14.8 |       9 |       1 |  10.0
            +---------+---------+-------+---------+---------+-------

Illustrated notes

Table legend:
 A = Kills in this place as a percentage of kills in entire the game.
 B = Kills by you in this place as a percentage of kills by you in the entire game.
 C = Kills by friends in this place as a percentage of kills by friends in the entire game.
 D = Other kills in this place as a percentage of other kills in the entire game.
 E = Experience gained in this place as a percentage of experience gained in the entire game.
 F = Experience gained in this place divided by the number of levels of this place that you have seen.
                   A       B       C       D       E      F
               +-------+-------+-------+-------+-------+----------------------
         Total | 100.0 | 100.0 |   N/A |   N/A | 100.0 |  86.2
       Dungeon | 100.0 | 100.0 |   N/A |   N/A | 100.0 |  86.2
               +-------+-------+-------+-------+-------+----------------------

Table legend: (Time is in decaauts)
 A = Elapsed time spent in this place.
 B = Non-inter-level travel time spent in this place.
 C = Inter-level travel time spent in this place.
 D = Time resting spent in this place.
 E = Time spent auto-exploring this place.
 F = Levels seen in this place.
 G = Mean time per level.
                   A        B        C        D        E       F      G
               +--------+--------+--------+--------+--------+-----+--------+
         Total |   3791 |   3710 |     81 |    352 |   2535 |   4 |  947.8 |
       Dungeon |   3791 |   3710 |     81 |    352 |   2535 |   4 |  947.8 |
               +--------+--------+--------+--------+--------+-----+--------+

Top non-repeatable levels by time:
     D:1: 1165 daAuts
     D:3: 997 daAuts
     D:2: 890 daAuts
     D:4: 737 daAuts
